 Dungeon Crawl Stone Soup version 0.28.0 (webtiles) character file.

Game seed: 6955239009956731112

55 ragingrage the Chopper (level 3, -2/51 HPs)
             Began as a Minotaur Berserker on Feb 5, 2022.
             Was a Believer of Trog.
             Slain by a scorpion (7 damage)
             ... on level 3 of the Dungeon.
             The game lasted 00:01:05 (2031 turns).

ragingrage the Chopper (Minotaur Berserker)         Turns: 2031, Time: 00:01:06

Health: -2/51      AC:  2    Str: 23    XL:     3   Next: 67%
Magic:  2/2        EV: 12    Int:  4    God:    Trog [**....]
Gold:   26         SH:  0    Dex:  9    Spells: 2/2 levels left

rFire   . . .      SeeInvis .   a - +0 hand axe
rCold   . . .      Faith    .   (no shield)
rNeg    . . .      Spirit   .   b - +0 animal skin
rPois   .          Reflect  .   (helmet restricted)
rElec   .          Harm     .   (no cloak)
rCorr   .          Rampage  .   (no gloves)
Will    .....                   (no boots)
Stlth   ..........              (no amulet)
HPRegen 0.17/turn               (no ring)
MPRegen 0.08/turn               (no ring)

@: berserking, lethally poisoned (-2 -> -23), very quick
A: horns 2, retaliatory headbutt
a: Renounce Religion, Berserk, Trog's Hand


You were on level 3 of the Dungeon.
You worshipped Trog.
Trog was pleased with you.
You visited 1 branch of the dungeon, and saw 3 of its levels.

You collected 26 gold pieces.

Inventory:

Hand Weapons
 a - a +0 hand axe (weapon)
Armour
 b - a +0 animal skin (worn)
Scrolls
 e - a scroll of teleportation {unknown}
 f - a scroll of silence {unknown}
 g - 3 scrolls of identify {unknown}
 h - a scroll of enchant armour {unknown}
 i - 3 scrolls of blinking {unknown}
Potions
 c - a potion of magic {unknown}
 d - 2 potions of might {unknown}
 j - a potion of curing {unknown}


   Skills:
 + Level 4.4 Fighting
 * Level 5.1 Axes
 - Level 2.4 Armour
 - Level 2.1 Dodging


You had 2 spell levels left.
You didn't know any spells.
Your spell library was empty.

Dungeon Overview and Level Annotations

Branches:
Dungeon (3/15)

Altars:

Shops:
D:1 !


Innate Abilities, Weirdness & Mutations

You have a pair of horns on your head.
You reflexively headbutt those who attack you in melee.


Message History

There is a stone staircase leading up here.
Unknown command.
Found a club.
Key pressed, stopping explore.
No target in view!
A scorpion comes into view.
A scorpion is nearby!
The scorpion stings you.
You are poisoned.
The scorpion poisons you!
You hit the scorpion but do no damage.
You feel very sick. The scorpion closely misses you. You furiously retaliate!
You headbutt the scorpion! You hit the scorpion but do no damage.
The scorpion is heavily wounded.
You feel very sick. The scorpion stings you.
You are more poisoned.
The scorpion poisons you! The scorpion stings you!
You are more poisoned.
The scorpion poisons you!
You are too injured to fight recklessly!
A red film seems to cover your vision as you go berserk!
You feel yourself moving faster!
You feel mighty!
You feel very sick. The scorpion stings you.
* * * LOW HITPOINT WARNING * * *
You are more poisoned.
The scorpion poisons you!
You hit the scorpion.
The scorpion is heavily wounded.
* * * LOW HITPOINT WARNING * * *
You feel very sick.
You barely miss the scorpion.
The scorpion is heavily wounded.
* * * LOW HITPOINT WARNING * * *
You feel very sick. The scorpion stings you!
You die...

#.# ..# #.# #.#
####.# #.# ....#
###.# .... ...##
..# #..# .#
#.#####..###...#.
#.#......@s......
#<...............
#.#...#.#..#...#.
#.....#.#..# ....
..............
.#.
#####..#.#..... #
#...........
##.#........ ....


You could see a scorpion.

Vanquished Creatures
  An adder (D:2)
  A dart slug (D:2)
  2 giant cockroaches (D:1)
  3 goblins
  4 hobgoblins
  5 jackals
  3 quokkas
  3 ball pythons
  4 bats
  3 frilled lizards (D:1)
  6 kobolds
  6 rats (D:1)
  A spectral hobgoblin (D:1)
42 creatures vanquished.

Notes
Turn   | Place    | Note
-------+----------+-------------------------------------------
     0 | D:1      | ragingrage the Minotaur Berserker began the quest for the
                  | Orb.
     0 | D:1      | Reached XP level 1. HP: 19/19 MP: 0/0
   123 | D:1      | Found a faded altar of an unknown god.
   151 | D:1      | Reached skill level 4 in Axes
   254 | D:1      | Reached XP level 2. HP: 24/27 MP: 1/1
   787 | D:1      | Found Patsoexe's Distillery.
   793 | D:1      | Reached ** piety under Trog
  1108 | D:2      | Reached XP level 3. HP: 26/33 MP: 2/2
  1831 | D:2      | Reached skill level 5 in Axes
  2024 | D:3      | Noticed a scorpion
  2031 | D:3      | Slain by a scorpion

Illustrated notes

Levels and vault maps discovered:
D:1:      roderic_dead_forest, layout_basic, serial_shops,
          nicolae_shop_advertising_works [nicolae_subvault_shop_adworks],
          dreamdust_ecumenical_altar_drowned_temple
D:2:      layout_basic, serial_shops, shop, minmay_misc_feat_doors
D:3:      cheibrodos_helix_gallery, layout_basic, portal_sewer_entry_f

Skill      XL: |  1  2  3 |
---------------+----------+-----
Axes           | 4 5 |  5.1
Fighting       | 4 |  4.4
Armour         | |  2.4
Dodging        | |  2.1

Action                   || total
-------------------------++-------
Melee: Hand axe          ||    97
       Headbutt          ||    13
       Punch             ||     1
Invok: Berserk           ||     1
Armor: Animal skin       ||    34
Dodge: Dodged            ||    59
